General information
- name: joho is best
- type: Custom game
- host: JOHO.NOM
- saver: SMERB.COM.COM
map: PlunderIsle
- players: 6
- length: 19:28
- speed: Fast
- version: 1.24 W3XP
- replay type: Public
» download(74 KB)
Players
team 1 (winner)
SMERB.COM.COM (
pink | 109 APM | 2117 actions | 19:28)
4 Death Knight
2 Death Coil
2 Unholy Aura
3 Lich
2 Frost Nova
1 Frost Armor
2 Crypt Lord
1 Impale
1 Spiked Carapace
» actions
| Assign group hotkey | 25 | |
| Basic commands | 167 | |
| Build / train | 97 | |
| ESC pressed | 3 | |
| Enter build submenu | 14 | |
| Enter hero's abilities submenu | 9 | |
| Give item / drop item | 4 | |
| Remove unit from queue | 1 | |
| Right click | 975 | |
| Select / deselect | 280 | |
| Select group hotkey | 412 | |
| Use ability | 130 | |
2117 total
» units
| Acolyte | 4 | |
| Ghoul | 2 | |
| Crypt Fiend | 15 | |
| Obsidian Statue | 4 | |
25 total
» upgrades
| Burrow | 1 | |
| Creature Attack | 2 | |
| Destroyer Form | 1 | |
| Web | 1 | |
5 total
» buildings
| Graveyard | 1 | |
| Crypt | 1 | |
| Altar of Darkness | 1 | |
| Ziggurat | 5 | |
| Tomb of Relics | 1 | |
| Nerubian Tower | 4 | |
| Halls of the Dead | 5 | |
| Slaughterhouse | 1 | |
| Black Citadel | 2 | |
| Spirit Tower | 2 | |
23 total
» build order
00:08 Graveyard
00:18 Crypt
00:43 Altar of Darkness
00:59 Ziggurat
01:25 Tomb of Relics
02:11 Ziggurat
02:33 Nerubian Tower
02:34 Nerubian Tower
04:06 Halls of the Dead
04:06 Halls of the Dead
04:23 Ziggurat
05:25 Ziggurat
05:46 Ziggurat
06:59 Slaughterhouse
08:16 Black Citadel
08:17 Black Citadel
08:37 Spirit Tower
08:38 Spirit Tower
» items
| Rod of Necromancy | 10 | |
| Dust of Appearance | 1 | |
| Scroll of Town Portal | 5 | |
| Orb of Corruption | 1 | |
| Scroll of Healing | 2 | |
| Potion of Lesser Invulnerability | 5 | |
| Potion of Healing | 5 | |
29 total
team 2 (loser)

»
Q-veta (
purple | 125 APM | 2421 actions | 19:26)
5 Warden
3 Shadow Strike
2 Blink
» actions
| Assign group hotkey | 47 | |
| Basic commands | 109 | |
| Build / train | 76 | |
| Enter build submenu | 16 | |
| Enter hero's abilities submenu | 5 | |
| Give item / drop item | 2 | |
| Right click | 900 | |
| Select / deselect | 615 | |
| Select group hotkey | 531 | |
| Use ability | 120 | |
2421 total
» units
| Wisp | 25 | |
| Archer | 9 | |
| Dryad | 7 | |
| Druid of the Claw | 7 | |
48 total
» upgrades
| Abolish Magic | 1 | |
| Druid of the Claw Training | 2 | |
| Well Spring | 1 | |
| Strength of the Wild | 1 | |
| Mark of the Claw | 1 | |
6 total
» buildings
| Altar of Elders | 1 | |
| Moon Well | 7 | |
| Ancient of War | 1 | |
| Tree of Ages | 1 | |
| Hunter's Hall | 1 | |
| Tree of Life | 3 | |
| Ancient of Lore | 2 | |
| Ancient of Wonders | 1 | |
| Tree of Eternity | 1 | |
18 total
» build order
00:18 Altar of Elders
00:33 Moon Well
00:47 Ancient of War
01:37 Moon Well
01:40 Moon Well
03:16 Tree of Ages
03:41 Moon Well
03:47 Hunter's Hall
05:13 Tree of Life
05:41 Ancient of Lore
05:42 Ancient of Lore
06:54 Moon Well
07:28 Ancient of Wonders
08:23 Tree of Eternity
10:48 Moon Well
12:17 Tree of Life
13:26 Moon Well
17:28 Tree of Life
» items
| Boots of Speed | 1 | |
| Scroll of Town Portal | 2 | |
| Lesser Clarity Potion | 2 | |
| Moonstone | 1 | |
| Potion of Healing | 1 | |
| Orb of Venom | 6 | |
| Staff of Preservation | 1 | |
14 total
observersJOHO.NOM,
JewishNeOrcHuso,
wombat7373,
TehPactisSealed Chat log
(00:07 / All) Q-veta: oh imba just came :(
(00:25 / All) SMERB.COM.COM: he can watch game 2
(00:27 / All) Q-veta: smerbeck you're a nigger, you know that?
(00:35 / All) SMERB.COM.COM: im the most mudblood nigger there is
(00:53 / All) Q-veta: you dress very hip
(00:53 / All) SMERB.COM.COM: http://www.filedropper.com/cfg
(02:00 / All) SMERB.COM.COM: you are low right
(02:14 / All) Q-veta: low left you imbecile
(02:24 / All) SMERB.COM.COM: Oh, ok.
(02:32 / All) Q-veta: are you hig?
(02:33 / All) Q-veta: high*
(02:43 / All) SMERB.COM.COM: sure
(06:47 / All) SMERB.COM.COM: eh
(06:49 / All) SMERB.COM.COM: :D
(06:50 / All) Q-veta: heh
(07:11 / All) SMERB.COM.COM: shalis
(08:09 / All) SMERB.COM.COM: whoa
(08:10 / All) SMERB.COM.COM: 2x click
(08:12 / All) SMERB.COM.COM: fock
(08:12 / All) SMERB.COM.COM: lol
(10:33 / All) SMERB.COM.COM: yo
(10:36 / All) SMERB.COM.COM: ima go get an orb
(10:39 / All) SMERB.COM.COM: then lets fight ok?
(10:53 / All) Q-veta: if you insist
(11:14 / All) SMERB.COM.COM: I wouldn't have said it if I didn't insist you uneducated spic.
(11:32 / All) Q-veta: you're an ugly nigger
(11:36 / All) SMERB.COM.COM: rather be that
(13:29 / All) Q-veta: nigger tactics
(13:53 / All) SMERB.COM.COM: You see if I was any good at this game
(13:57 / All) SMERB.COM.COM: I would have capitalized
(13:59 / All) SMERB.COM.COM: instead what do i do?
(14:02 / All) SMERB.COM.COM: I go creep.
(16:20 / All) SMERB.COM.COM: yo to be honest
(16:23 / All) SMERB.COM.COM: no matter how bad i am
(16:27 / All) SMERB.COM.COM: you are fucking horrible at ne
(16:34 / All) Q-veta: yeah
(16:38 / All) SMERB.COM.COM: Lol
(16:39 / All) Q-veta: fuck you nigger
(17:08 / All) SMERB.COM.COM: meet me at the nigger shop
(17:12 / All) SMERB.COM.COM: 'lets buy some niggers
(19:21 / All) SMERB.COM.COM: rofl
(19:23 / All) Q-veta: lol
(19:24 / All) Q-veta: gg